 Dungeon Crawl Stone Soup version 0.30-a0-49-g1cef19eb02 (webtiles) character file.

Game seed: 7040478731347673321

3420 jlumianski the Chopper (level 9, -5/68 HPs)
             Began as a Demonspawn Gladiator on Sept 2, 2022.
             Was a Believer of Qazlal.
             Slain by a swamp worm (9 damage)
             ... on level 7 of the Dungeon.
             The game lasted 00:25:04 (6995 turns).

jlumianski the Chopper (Demonspawn Gladiator)       Turns: 6995, Time: 00:25:04

Health: -5/68      AC: 15    Str: 20    XL:     9   Next: 76%
Magic:  13/13      EV:  7    Int: 15    God:    Qazlal [**....]
Gold:   70         SH:  2    Dex:  9    Spells: 8/8 levels left

rFire   + + .      SeeInvis +    a - +1 war axe (flame)
rCold   + + .      Faith    .    (no shield)
rNeg    . . .      Spirit   .    E - +0 plate armour
rPois   .          Reflect  .    F - +0 helmet of the Dwarven Hall {rF++ rC++ Dex-5}
rElec   .          Harm     .    (no cloak)
rCorr   .          Rampage  .    (no gloves)
Will    .....                    J - +0 pair of boots
Stlth   ..........               (no amulet)
HPRegen 0.21/turn                n - +6 ring of intelligence
MPRegen 0.26/turn                u - ring of see invisible

@: no status effects
A: spiny 3, magic regeneration, sharp scales 1
a: Renounce Religion, Upheaval


You were on level 7 of the Dungeon.
You worshipped Qazlal.
Qazlal was pleased with you.
You visited 1 branch of the dungeon, and saw 8 of its levels.

You collected 430 gold pieces.
You spent 360 gold pieces at shops.

Inventory:

Hand Weapons
 a - a +1 war axe of flaming (weapon)
 q - a +0 trident of flaming
 v - a +2 sling of freezing
Missiles
 d - 5 throwing nets
 e - a javelin (quivered)
 f - 2 poisoned darts
 g - 75 stones
 H - a boomerang
Armour
 b - a +0 leather armour
 c - a +0 helmet
 y - a +0 chain mail
 E - a +0 plate armour (worn)
 F - the +0 helmet of the Dwarven Hall (worn) {rF++ rC++ Dex-5}
   (You bought it in a shop on level 4 of the Dungeon)

   Dex:       It affects your dexterity (-5).
   rF:        It greatly protects you from fire.
   rC:        It greatly protects you from cold.
 J - a +0 pair of boots (worn)
Magical Staves
 j - a staff of cold
Jewellery
 n - a +6 ring of intelligence (left hand)
 u - a ring of see invisible (right hand)
Wands
 x - a wand of iceblast (7)
 A - a wand of paralysis (9)
 G - a wand of digging (8)
Scrolls
 i - a scroll of blinking
 k - a scroll of silence
 p - 3 scrolls of teleportation
 s - a scroll of summoning
 D - a scroll of enchant weapon
Potions
 h - 2 potions of cancellation
 l - 3 potions of curing
 m - a potion of heal wounds
 o - a potion of magic
 r - 3 potions of brilliance
 t - a potion of attraction
 w - 4 potions of flight
 z - 2 potions of resistance
 B - a potion of degeneration
 C - a potion of ambrosia
 I - a potion of invisibility {unknown}


   Skills:
 + Level 5.3 Fighting
 + Level 7.4 Axes
 + Level 3.1 Ranged Weapons
 + Level 2.1 Throwing
 + Level 5.2 Armour
 + Level 3.6 Dodging
 - Level 1.3 Stealth
 + Level 1.0 Shields
 * Level 6.5 Invocations
 * Level 4.3 Evocations


You had 8 spell levels left.
You didn't know any spells.
Your spell library contained the following spells:

 Spells                   Type           Power      Damage    Failure   Level
 Apportation              Tloc           0%         N/A       100%        1
 Necrotise                Necr           0%         1d4       100%        1
 Summon Small Mammal      Summ           0%         N/A       100%        1
 Gell's Gravitas          Tloc           0%         N/A       100%        3
 Teleport Other           Tloc           0%         N/A       100%        3
 Dispersal                Tloc           0%         N/A       100%        6


Dungeon Overview and Level Annotations

Branches:
Dungeon (8/15)             Temple (0/1) D:4
   Lair: D:8-11

Altars:
Qazlal

Shops:
D:4 :*[

Annotations:
D:7 Maggie


Innate Abilities, Weirdness & Mutations

You are completely covered in sharp spines.
You regenerate magic rapidly.
You are partially covered in razor-sharp scales. (AC +1, Slay +1)


Message History

The lemure departs this earthly plane. x2
Your Armour skill increases to level 5!
Your Shields skill increases to level 1!
Things that are here:
a +2 whip of flaming; a +2 robe of willpower
Okay, then.
You see here a +0 pair of boots.
J - a +0 pair of boots You start putting on your armour.
You continue putting on your +0 pair of boots. x4
You finish putting on your +0 pair of boots.
Found 3 stones.
A swamp worm comes into view.
You see here 3 stones.
The swamp worm is struck by your spines.
The swamp worm bites you!
You slash the swamp worm! You burn the swamp worm.
The swamp worm is heavily wounded.
You block the swamp worm's attack.
You closely miss the swamp worm.
The swamp worm is heavily wounded.
The swamp worm closely misses you. x2
You closely miss the swamp worm.
The swamp worm is heavily wounded.
The swamp worm is struck by your spines.
The swamp worm bites you!
* * * LOW HITPOINT WARNING * * *
You barely miss the swamp worm.
The swamp worm is severely wounded.
The swamp worm bites you but does no damage.
You hit the swamp worm. You burn the swamp worm.
The swamp worm is severely wounded.
The swamp worm bites you!
* * * LOW HITPOINT WARNING * * *
The swamp worm completely misses you.
You hit the swamp worm but do no damage.
The swamp worm is severely wounded.
The swamp worm is struck by your spines.
The swamp worm bites you!
You die...

#.............#..#.
#....###########...
#....# #... #....#
#... #....# #...
#....# #...
#(...##### #...
#.°....... #...
#.@w....~~ #...
###....~~~ #...
....~≈~ ###~~## ~~#
## ## ##≈ .. #~~ #.


You could see a swamp worm.

Vanquished Creatures
  Pikel (D:7)
  Grinder (D:5)
  Prince Ribbit (D:5)
  An orc warrior (D:6)
  2 ice beasts (D:5)
  3 black bears
  3 ogres
  2 lemures (D:7)
  3 centaurs
  3 phantoms
  Blork the orc (D:4)
  2 gnoll sergeants
  3 scorpions
  3 necrophages (D:6)
  4 jellies
  A gnoll bouda (D:7)
  3 orc priests
  2 hounds (D:4)
  5 iguanas
  2 orc wizards (D:6)
  Robin (D:4)
  10 gnolls
  8 adders
  A shadow imp (D:5)
  2 worms
  A dart slug (D:1)
  11 orcs
  5 bats
  15 endoplasms
  2 giant cockroaches
  13 goblins
  14 hobgoblins
  11 kobolds
  4 quokkas
  4 ball pythons
  2 frilled lizards (D:2)
  7 rats
157 creatures vanquished.

Vanquished Creatures (others)
  7 fungi (D:2)
  4 plants (D:7)
  5 toadstools (D:2)
16 creatures vanquished.

Grand Total: 173 creatures vanquished

Notes
Turn   | Place    | Note
-------+----------+-------------------------------------------
     0 | D:1      | jlumianski the Demonspawn Gladiator began the quest for the
                  | Orb.
     0 | D:1      | Reached XP level 1. HP: 16/16 MP: 1/1
   130 | D:1      | Gained mutation: You are partially covered in sharp spines.
                  | [demonic ancestry]
   130 | D:1      | Reached XP level 2. HP: 22/22 MP: 2/2
   443 | D:1      | Found a faded altar of an unknown god.
   616 | D:1      | Reached skill level 3 in Axes
   992 | D:2      | Reached XP level 3. HP: 28/28 MP: 3/3
  1153 | D:2      | Gained mutation: You regenerate magic rapidly. [demonic
                  | ancestry]
  1153 | D:2      | Reached XP level 4. HP: 29/34 MP: 4/4
  1212 | D:2      | Reached skill level 4 in Axes
  1610 | D:4      | Found Libromogh's Book Emporium.
  1646 | D:4      | Reached skill level 1 in Armour
  1737 | D:2      | Gained mutation: You are mostly covered in sharp spines.
                  | [demonic ancestry]
  1737 | D:2      | Reached XP level 5. HP: 35/40 MP: 5/5
  2793 | D:4      | Noticed a phantom
  2802 | D:4      | Killed a phantom
  2803 | D:4      | Reached skill level 1 in Stealth
  2869 | D:4      | Reached XP level 6. HP: 43/47 MP: 6/6
  2995 | D:4      | Found a stormy altar of Qazlal.
  3001 | D:4      | Became a worshipper of Qazlal Stormbringer
  3099 | D:4      | Found Kitoce's Assorted Antiques.
  3104 | D:4      | Bought a scroll of teleportation for 81 gold pieces
  3104 | D:4      | Bought a scroll of identify for 54 gold pieces
  3104 | D:4      | Bought a scroll of identify for 54 gold pieces
  3167 | D:4      | Noticed Robin
  3178 | D:4      | Killed Robin
  3193 | D:4      | Reached skill level 1 in Ranged Weapons
  3193 | D:4      | Reached skill level 1 in Invocations
  3193 | D:4      | Reached skill level 1 in Evocations
  3237 | D:4      | Reached * piety under Qazlal
  3238 | D:4      | Gained mutation: You are partially covered in razor-sharp
                  | scales. (AC +1, Slay +1) [demonic ancestry]
  3238 | D:4      | Reached XP level 7. HP: 48/52 MP: 8/8
  3383 | D:4      | Reached skill level 5 in Axes
  3649 | D:3      | Upgraded the game from 0.30-a0-46-g5a63ccc183 to
                  | 0.30-a0-49-g1cef19eb02
  3722 | D:4      | Found Aggerin's Antique Armour Shoppe.
  3985 | D:4      | Noticed Blork the orc
  3992 | D:4      | Killed Blork the orc
  4227 | D:4      | Found a staircase to the Ecumenical Temple.
  4309 | D:5      | Entered Level 5 of the Dungeon
  4642 | D:5      | Gained mutation: You are completely covered in sharp
                  | spines. [demonic ancestry]
  4642 | D:5      | Reached XP level 8. HP: 53/60 MP: 10/10
  5079 | D:5      | Noticed Prince Ribbit
  5109 | D:5      | Killed Prince Ribbit
  5314 | D:5      | Noticed Grinder
  5321 | D:5      | Killed Grinder
  5322 | D:5      | Reached skill level 6 in Axes
  5322 | D:5      | Reached skill level 5 in Invocations
  5625 | D:6      | Reached XP level 9. HP: 37/66 MP: 12/12
  6062 | D:4      | Bought a warped helmet for 171 gold pieces
  6062 | D:4      | Identified the +0 helmet of the Dwarven Hall {rF++ rC++
                  | Dex-5} (You bought it in a shop on level 4 of the Dungeon)
  6521 | D:7      | Noticed Maggie
  6548 | D:6      | Reached ** piety under Qazlal
  6549 | D:6      | Reached skill level 5 in Fighting
  6696 | D:6      | Reached skill level 7 in Axes
  6954 | D:7      | Noticed Pikel
  6961 | D:7      | Killed Pikel
  6962 | D:7      | Reached skill level 5 in Armour
  6962 | D:7      | Reached skill level 1 in Shields
  6995 | D:7      | Slain by a swamp worm

Illustrated notes

Levels and vault maps discovered:
D:1:      matt_arrival_diagonals, layout_loops_corners,
          hellmonk_ecumenical_altar_prayer_group
D:2:      cheibrodos_fertilizer, layout_rooms
D:3:      layout_basic, serial_aquarium, aquarium_bridge_long_separate
          [aquarium_subvault_wall, aquarium_subvault_bridge,
          aquarium_subvault_wall, aquarium_subvault_bridge,
          aquarium_subvault_bridge, aquarium_subvault_window],
          aquarium_bridge_square [aquarium_subvault_bridge,
          aquarium_subvault_bridge, aquarium_subvault_wall,
          aquarium_subvault_bridge], aquarium_window_double, aquarium_window_2,
          aquarium_window_2, aquarium_window_1, aquarium_view_4,
          aquarium_pool_2, minmay_circle_x
D:4:      layout_loops_corners, lemuel_round_altar,
          minmay_temple_entry_nine_rooms, serial_shops,
          nicolae_shop_competitors_out_of_business, nicolae_shop_hallway_plus,
          kennysheep_mini, uniq_blork_the_orc, uniq_robin
D:5:      layout_rooms, nicolae_ossuary_entry_ruins, uniq_prince_ribbit1,
          uniq_grinder
D:6:      layout_basic
D:7:      layout_basic, nicolae_overflow_two_pavilions, serial_shops,
          shop_statue, worms_lemuel, uniq_maggie, uniq_pikel
D:8:      layout_loops_corners, serial_shops, nicolae_stop_n_shop_2,
          enter_bailey_2

Skill      XL: |  1  2  3  4  5  6  7  8  9 |
---------------+----------------------------+-----
Dodging        | 3 |  3.6
Throwing       | 2 |  2.1
Axes           | 3 4 5 6 7 |  7.4
Armour         | 1 2 3 5 |  5.2
Fighting       | 3 4 5 |  5.3
Stealth        | 1 |  1.3
Ranged Weapons | 1 2 3 |  3.1
Invocations    | 1 3 5 6 |  6.5
Evocations     | 1 2 3 4 |  4.3
Shields        | 1 |  1.0

Action                   |  1- 3 |  4- 6 |  7- 9 || total
-------------------------+-------+-------+-------++-------
Melee: War axe           |    57 |    74 |   138 ||   269
       Punch             |       |     2 |     1 ||     3
 Fire: Sling             |       |    29 |     8 ||    37
Throw: Javelin           |       |       |     3 ||     3
  Use: Scroll            |     4 |     5 |     6 ||    15
       Potion            |     1 |     1 |     1 ||     3
 Stab: Sleeping          |       |     1 |       ||     1
Armor: Leather armour    |    17 |    12 |       ||    29
       Chain mail        |       |       |    39 ||    39
       Plate armour      |       |       |    52 ||    52
Dodge: Dodged            |    42 |    40 |    53 ||   135
Block: Other             |       |       |     7 ||     7

Table legend: (Time is in decaauts)
 A = Elapsed time spent in this place.
 B = Non-inter-level travel time spent in this place.
 C = Inter-level travel time spent in this place.
 D = Time resting spent in this place.
 E = Time spent auto-exploring this place.
 F = Levels seen in this place.
 G = Mean time per level.
                   A        B        C        D        E       F      G
               +--------+--------+--------+--------+--------+-----+--------+
         Total |   7081 |   6846 |    235 |    958 |   3805 |   8 |  885.1 |
       Dungeon |   7081 |   6846 |    235 |    958 |   3805 |   8 |  885.1 |
               +--------+--------+--------+--------+--------+-----+--------+

Top non-repeatable levels by time:
     D:4: 1660 daAuts
     D:5: 1216 daAuts
     D:3: 1127 daAuts
     D:2: 968 daAuts
     D:6: 943 daAuts
     D:1: 907 daAuts
     D:7: 217 daAuts
     D:8: 38 daAuts
